Workbook

Sheet OFERTA ECONÓMICA
B1: GOBERNACIÓN DEL HUILA — SECRETARÍA GENERAL
B2: FORMATO DE OFERTA ECONÓMICA — SERVICIO DE ASEO Y CAFETERÍA 2026–2027
B3: El COSTO DE PERSONAL está liquidado conforme a la legislación laboral colombiana vigente 2026 (SMLMV $1.750.905, auxilio de transporte $249.095) y NO es objeto de oferta ni de modificación, a excepción de la dotación que si puede ser ofertada. El oferente solo cotiza los insumos, utensilios y equipos en la hoja «INSUMOS». Todos los valores en pesos, redondeados a $0.
B5: 1. COSTO DE PERSONAL (mensual) — valores fijos de ley, no editables
B6: ÍTEM | C6: DETALLE | D6: FACTOR | E6: N° PERS. | F6: VLR/PERSONA | G6: VLR MENSUAL
B7: SALARIO
B8: 1 | C8: Sueldo base | E8: 33 | F8: 1750905 | G8: =ROUND(E8*F8,0) -> 57779865
B9: 2 | C9: Auxilio de transporte | E9: 33 | F9: 249095 | G9: =ROUND(E9*F9,0) -> 8220135
B10: 3 | C10: Horas extras (40 h/persona) | D10: 1.25 | E10: 3 | F10: 416920 | G10: =ROUND(E10*F10,0) -> 1250760
C11: Total salario (mensual) | G11: =SUM(G8:G10) -> 67250760
B13: PRESTACIONES SOCIALES
B14: 4 | C14: Cesantías | D14: 0.0833 | E14: 30 | F14: 166600 | G14: =ROUND(E14*F14,0) -> 4998000
B15: 5 | C15: Cesantías sobre horas extras | D15: 0.0833 | E15: 3 | F15: 201329 | G15: =ROUND(E15*F15,0) -> 603987
B16: 6 | C16: Prima de servicios | D16: 0.0833 | E16: 30 | F16: 166600 | G16: =ROUND(E16*F16,0) -> 4998000
B17: 7 | C17: Prima de servicios sobre horas extras | D17: 0.0833 | E17: 3 | F17: 201329 | G17: =ROUND(E17*F17,0) -> 603987
B18: 8 | C18: Vacaciones | D18: 0.0417 | E18: 30 | F18: 73013 | G18: =ROUND(E18*F18,0) -> 2190390
B19: 9 | C19: Vacaciones sobre horas extras | D19: 0.0417 | E19: 3 | F19: 90398 | G19: =ROUND(E19*F19,0) -> 271194
B20: 10 | C20: Intereses a las cesantías | D20: 0.01 | E20: 30 | F20: 20000 | G20: =ROUND(E20*F20,0) -> 600000
B21: 11 | C21: Intereses a las cesantías sobre horas extras | D21: 0.01 | E21: 3 | F21: 24169 | G21: =ROUND(E21*F21,0) -> 72507
C22: Total prestaciones sociales (mensual) | G22: =SUM(G14:G21) -> 14338065
B24: SEGURIDAD SOCIAL Y PARAFISCALES
B25: 12 | C25: Caja de Compensación Familiar (Comfamiliar) | D25: 0.04 | E25: 30 | F25: 70036 | G25: =ROUND(E25*F25,0) -> 2101080
B26: 13 | C26: Comfamiliar sobre horas extras | D26: 0.04 | E26: 3 | F26: 86713 | G26: =ROUND(E26*F26,0) -> 260139
B27: 14 | C27: ARL (Clase II) | D27: 0.01044 | E27: 25 | F27: 18279 | G27: =ROUND(E27*F27,0) -> 456975
B28: 15 | C28: ARL sobre horas extras | D28: 0.01044 | E28: 3 | F28: 22632 | G28: =ROUND(E28*F28,0) -> 67896
B29: 16 | C29: ARL — Trabajo en alturas (Clase V) | D29: 0.0696 | E29: 4 | F29: 121863 | G29: =ROUND(E29*F29,0) -> 487452
B30: 17 | C30: ARL — Laboratorio Salud (Clase III) | D30: 0.02436 | E30: 1 | F30: 42652 | G30: =ROUND(E30*F30,0) -> 42652
B31: 18 | C31: Pensión | D31: 0.12 | E31: 30 | F31: 210109 | G31: =ROUND(E31*F31,0) -> 6303270
B32: 19 | C32: Pensión sobre horas extras | D32: 0.12 | E32: 3 | F32: 260139 | G32: =ROUND(E32*F32,0) -> 780417
C33: Total seguridad social y parafiscales (mensual) | G33: =SUM(G25:G32) -> 10499881
B35: DOTACIÓN
B36: 20 | C36: Dotación de ley (prorrateada por mes) | E36: 33 | F36: 65000 | G36: =ROUND(E36*F36,0) -> 2145000
C37: Total dotación (mensual) | G37: =SUM(G36:G36) -> 2145000
C38: TOTAL COSTO DE PERSONAL (mensual) | G38: =ROUND(G11+G22+G33+G37,0) -> 94233706
B40: 2. COSTO DE INSUMOS, UTENSILIOS Y EQUIPOS (enlazado a la hoja «INSUMOS»)
B41: ÍTEM | C41: DETALLE | F41: PERIODICIDAD | G41: VALOR
B42: 1 | C42: Insumos de aseo | F42: Mensual | G42: =INSUMOS!M59 -> 27048500
B43: 2 | C43: Insumos de cafetería | F43: Mensual | G43: =INSUMOS!M73 -> 24057800
B44: 3 | C44: Insumos de jardinería | F44: Mensual | G44: =INSUMOS!M81 -> 290000
B45: 4 | C45: Alquiler de equipos | F45: Mensual | G45: =INSUMOS!M130 -> 2927000
C46: Subtotal insumos y alquiler (mensual) | F46: Mensual | G46: =ROUND(G42+G43+G44+G45,0) -> 54323300
B47: 5 | C47: Suministro de utensilios y equipos | F47: Única vez | G47: =INSUMOS!M103 -> 25185000
B49: 3. LIQUIDACIÓN DE LA OFERTA
C50: CONCEPTO | D50: FACTOR | G50: VALOR
C51: Plazo de ejecución (meses) | G51: 14
C52: (a) Costo de personal por el plazo | G52: =ROUND(G38*$G$51,0) -> 1319271884
C53: (b) Costo de insumos y alquiler por el plazo | G53: =ROUND(G46*$G$51,0) -> 760526200
C54: (c) Suministro de utensilios y equipos (única vez) | G54: =G47 -> 25185000
C55: COSTO DIRECTO TOTAL | G55: =ROUND(G52+G53+G54,0) -> 2104983084
C56: Administración e imprevistos | D56: 0.11 | G56: =ROUND(G55*D56,0) -> 231548139
C57: Utilidad | D57: 0.05 | G57: =ROUND(G55*D57,0) -> 105249154
C58: SUBTOTAL | G58: =ROUND(G55+G56+G57,0) -> 2441780377
C59: IVA sobre A.I.U. (Art. 462-1 E.T.) | D59: 0.19 | G59: =ROUND((G56+G57)*D59,0) -> 63991486
C60: VALOR TOTAL DE LA OFERTA | G60: =ROUND(G58+G59,0) -> 2505771863
B62: REFERENCIA PRESUPUESTAL (informativa — no hace parte de la evaluación económica)
C63: Presupuesto oficial estimado (valor máximo) | G63: 2505771863
C64: Margen disponible frente al presupuesto | G64: =+G60-G63 -> 0

Sheet INSUMOS
A1: GOBERNACIÓN DEL HUILA — SECRETARÍA GENERAL
A2: FORMATO DE COTIZACIÓN DE INSUMOS, UTENSILIOS Y EQUIPOS — ASEO Y CAFETERÍA 2026–2027
A3: INSTRUCCIONES: El oferente diligencia ÚNICAMENTE la columna «VR. UNITARIO» (celdas en amarillo). La «CANTIDAD TOTAL» y el «VR. TOTAL» se calculan automáticamente y no deben modificarse. Todos los valores en pesos colombianos, redondeados a $0 (sin centavos). Ejemplo: si VR. UNITARIO = $2.500 y CANTIDAD TOTAL = 16, entonces VR. TOTAL = $40.000.
A5: SUMINISTRO INSUMOS DE ASEO (MENSUAL)
A6: ITEM | B6: BIEN | C6: ESPECIFICACIÓN | D6: PRESENTACIÓN | E6: EDIF. CENTRAL | F6: BIBLIOTECA | G6: RECINTO FERIAL | H6: SEC. CULTURA | I6: BOGOTÁ | J6: SEC. SALUD | K6: CANTIDAD TOTAL | L6: VR. UNITARIO | M6: VR. TOTAL | N6: PERIODICIDAD
A7: 1 | B7: Jabón para loza | C7: - Con agente(s) C35tensoactivo(s) principal(es) con efecto limpiador y desengrasante en una concentración mínima del 8%. - Disponible en mínimo (2) dos fragancias - El envase del producto deberá estar correctamente etiquetado bajo los parámetros establecidos en el sistema globalmente armonizado, indicando: nombre comercial del producto, pictogramas de los compuestos peligrosos e instrucciones de uso | D7: Líquido, en recipiente plástico de mínimo 500 cc | E7: 12 | H7: 2 | I7: 2 | J7: 2 | K7: =SUM(E7:J7) -> 18 | L7: 6000 | M7: =ROUND(K7*L7,0) -> 108000 | N7: MENSUAL
A8: 2 | B8: Jabón en barra | C8: -Composición de ácidos grasos de mínimo 50%. | D8: Barra, unidad con peso mínimo de 250 gr en envoltura individual | E8: 24 | F8: 2 | G8: 2 | H8: 1 | I8: 2 | J8: 7 | K8: =SUM(E8:J8) -> 38 | L8: 4500 | M8: =ROUND(K8*L8,0) -> 171000 | N8: MENSUAL
A9: 3 | B9: Jabón de dispensador para manos | C9: - Con agente limpiador en una concentración mínima del 6%. - Con agente antibacterial en una concentración mínima del 0,2% - Con agente humectante en una concentración mínima del 3% - pH entre 5,5 a 7 - Disponible en mínimo (2) dos fragancias | D9: Líquido, en recipiente plástico con capacidad mínima de 3.785 cc | E9: 24 | F9: 2 | G9: 2 | H9: 1 | I9: 1 | J9: 5 | K9: =SUM(E9:J9) -> 35 | L9: 30000 | M9: =ROUND(K9*L9,0) -> 1050000 | N9: MENSUAL
A10: 4 | B10: Limpiador multiusos | C10: - Con agente(s) tensoactivo(s) principal(es) con efecto limpiador en una concentración mínima del 8% - Disponible en mínimo (2) dos fragancias - El envase debe estar correctamente etiquetados bajo los parámetros establecidos en el sistema globalmente armonizado indicando: nombre comercial del producto, pictogramas de los compuestos peligrosos e instrucciones de uso | D10: Líquido, en recipiente plástico con capacidad mínima de 3.785 cc | E10: 35 | F10: 4 | G10: 4 | H10: 2 | I10: 2 | J10: 10 | K10: =SUM(E10:J10) -> 57 | L10: 25000 | M10: =ROUND(K10*L10,0) -> 1425000 | N10: MENSUAL
A11: 5 | B11: Líquido desengrasante | C11: - Con agente(s) tensoactivo(s) principal(es) con efecto limpiador y desengrasante en una concentración mínima del 10% - El envase debe estar correctamente etiquetados bajo los parámetros establecidos en el sistema globalmente armonizado indicando: nombre comercial del producto, pictogramas de los compuestos peligrosos e instrucciones de uso | D11: Líquido, en recipiente plástico con capacidad mínima de 3.785 cc | E11: 16 | F11: 2 | G11: 2 | H11: 1 | I11: 1 | J11: 5 | K11: =SUM(E11:J11) -> 27 | L11: 30000 | M11: =ROUND(K11*L11,0) -> 810000 | N11: MENSUAL
A12: 6 | B12: Detergente multiusos en polvo | C12: - Con agente tensoactivo de mínimo 60% de biodegradabilidad -Con efecto limpiador de mínimo 9%. - El envase del producto deberá estar correctamente etiquetado bajo los parámetros: nombre comercial del producto, pictogramas de los compuestos peligrosos e instrucciones de uso | D12: Polvo, en bolsa plástica o recipiente plástico con un peso de 1.000 gr | E12: 22 | F12: 2 | G12: 2 | H12: 1 | I12: 2 | K12: =SUM(E12:J12) -> 29 | L12: 12000 | M12: =ROUND(K12*L12,0) -> 348000 | N12: MENSUAL
A13: 7 | B13: Pastilla desinfectante para sanitario | C13: - Con agentes bactericidas, fungicidas y virucidas. | D13: Unidad con peso mínimo de 20 gr | E13: 120 | F13: 12 | G13: 10 | H13: 8 | I13: 8 | J13: 50 | K13: =SUM(E13:J13) -> 208 | L13: 1500 | M13: =ROUND(K13*L13,0) -> 312000 | N13: MENSUAL
A14: 8 | B14: Líquido para limpiar vidrios | C14: - Con agente(s) principal(es) con efecto limpiador y desengrasante en una concentración mínima del 4% - Disponible mínimo en dos (2) fragancias - El envase debe estar correctamente etiquetados bajo los parámetros establecidos en el sistema globalmente armonizado indicando: nombre comercial del producto, pictogramas de los compuestos peligrosos e instrucciones de uso | D14: Líquido, en recipiente plástico con capacidad mínima de 3.785 cc | E14: 24 | F14: 4 | G14: 4 | H14: 2 | I14: 2 | J14: 5 | K14: =SUM(E14:J14) -> 41 | L14: 20000 | M14: =ROUND(K14*L14,0) -> 820000 | N14: MENSUAL
A15: 9 | B15: Blanqueador o hipoclorito | C15: - Solución con una concentración mínima del 5% - El envase del producto deberá estar correctamente etiquetado, indicando: nombre comercial del producto, pictogramas de los compuestos peligrosos e instrucciones de uso - El envase del producto deberá estar correctamente etiquetado bajo los parámetros establecidos en el sistema globalmente armonizado, indicando: nombre comercial del producto, pictogramas de los compuestos peligrosos e instrucciones de uso | D15: Líquido, en recipiente plástico con capacidad mínima de 3.785 cc | E15: 34 | F15: 4 | G15: 4 | H15: 2 | I15: 2 | J15: 15 | K15: =SUM(E15:J15) -> 61 | L15: 12000 | M15: =ROUND(K15*L15,0) -> 732000 | N15: MENSUAL
A16: 10 | B16: Champú para alfombras y tapizados | C16: - Con agente(s) principal(es) con efecto limpiador en una concentración mínima del 8% - Con agente espumante para la generación de espuma seca - El envase debe estar correctamente etiquetados: nombre comercial del producto, pictogramas de los compuestos peligrosos e instrucciones de uso | D16: Líquido, en recipiente plástico con capacidad mínima de 3.785 cc | E16: 1 | K16: =SUM(E16:J16) -> 1 | L16: 30000 | M16: =ROUND(K16*L16,0) -> 30000 | N16: MENSUAL
A17: 11 | B17: Cera emulsionada Neutra | C17: - Emulsionada - Neutra (para pisos de todos los colores) - Contenido mínimo de sólidos del 5% | D17: Líquido, en recipiente plástico con capacidad mínima de 3.785 cc | E17: 16 | F17: 2 | G17: 2 | H17: 1 | I17: 2 | J17: 5 | K17: =SUM(E17:J17) -> 28 | L17: 35000 | M17: =ROUND(K17*L17,0) -> 980000 | N17: MENSUAL
A18: 12 | B18: Cera emulsionada roja | C18: - Emulsionada - Roja - Contenido mínimo de sólidos del 5% - Antideslizante | D18: Líquido, en recipiente plástico con capacidad mínima de 3.785 cc | E18: 1 | K18: =SUM(E18:J18) -> 1 | L18: 35000 | M18: =ROUND(K18*L18,0) -> 35000 | N18: MENSUAL
A19: 13 | B19: Cristalizador Finish para Marmol | C19: - Proporciona un brillo intenso. Mayor dureza, protección y resistencia al desgaste. Impermeabiliza y evita manchas. Repara las zonas desgastadas por el uso. Resalta las tonalidades del suelo. No resbala ni marca pisadas. Brillo recuperable - Envase correctamente etiquetado bajo los parámetros establecidos en el sistema globalmente armonizado | D19: Líquido, en recipiente plástico con capacidad mínima de 1.000 cc | E19: 6 | F19: 1 | G19: 1 | H19: 1 | I19: 1 | J19: 2 | K19: =SUM(E19:J19) -> 12 | L19: 70000 | M19: =ROUND(K19*L19,0) -> 840000 | N19: MENSUAL
A20: 14 | B20: Limpiador y desmanchador de pisos | C20: - Alto Poder Desinfectante Efecto Bactericida, Fungicida, Esporicida - Producto sin Olores Tóxicos - Envase correctamente etiquetado bajo los parámetros establecidos en el sistema globalmente armonizado. | D20: Líquido, en recipiente plástico con capacidad mínima de 3.785 cc | E20: 16 | F20: 1 | G20: 1 | H20: 1 | I20: 1 | J20: 4 | K20: =SUM(E20:J20) -> 24 | L20: 40000 | M20: =ROUND(K20*L20,0) -> 960000 | N20: MENSUAL
A21: 15 | B21: Bayetilla | C21: - En tela fileteada - 100% algodón y fibra natural - Color blanco sin estampado -Tamaño mínimo de 100 cm de largo por 70 cm de ancho | D21: Unidad | E21: 18 | F21: 2 | G21: 3 | H21: 1 | I21: 1 | K21: =SUM(E21:J21) -> 25 | L21: 13000 | M21: =ROUND(K21*L21,0) -> 325000 | N21: MENSUAL
A22: 16 | B22: Paño absorbente multiusos | C22: - Material que no libera motas o pelusas -Interfoliado - Reutilizable - Tamaño mínimo de 38 cm de largo por 25 cm de ancho | D22: Unidad | E22: 10 | H22: 2 | I22: 2 | K22: =SUM(E22:J22) -> 14 | L22: 3500 | M22: =ROUND(K22*L22,0) -> 49000 | N22: MENSUAL
A23: 17 | B23: Esponjilla | C23: - Doble uso (material de esponjilla blanda y abrasiva) - Tamaño mínimo de 7 cm de largo por 10 cm de ancho | D23: Unidad | E23: 6 | H23: 1 | I23: 1 | K23: =SUM(E23:J23) -> 8 | L23: 1500 | M23: =ROUND(K23*L23,0) -> 12000 | N23: MENSUAL
A24: 18 | B24: Escoba sin mango | C24: - Cerdas suaves elaboradas con PET calibre entre 0,3 y 0,4 mm. - Área de barrido mínima de 35 cm de largo por 8 cm de ancho por 10 cm de alto - Material de base en plástico con acople tipo rosca | D24: Unidad | E24: 18 | F24: 2 | G24: 2 | H24: 1 | I24: 1 | J24: 3 | K24: =SUM(E24:J24) -> 27 | L24: 9000 | M24: =ROUND(K24*L24,0) -> 243000 | N24: MENSUAL
A25: 19 | B25: Escoba sin mango | C25: - Cerdas duras elaboradas con PET calibre entre 0,4 y 0,6 mm. - Área de barrido mínima de 35 cm de largo por 8 cm de ancho por 10 cm de alto - Material de base en plástico con acople tipo rosca | D25: Unidad | E25: 6 | F25: 1 | G25: 1 | H25: 1 | I25: 1 | J25: 2 | K25: =SUM(E25:J25) -> 12 | L25: 9000 | M25: =ROUND(K25*L25,0) -> 108000 | N25: MENSUAL
A26: 20 | B26: Mango metalico para escoba | C26: - Extensión mínima de 140 cm -Acople plástico o rosca para palos de escoba | D26: Unidad | E26: 5 | F26: 1 | G26: 1 | H26: 1 | I26: 1 | J26: 2 | K26: =SUM(E26:J26) -> 11 | L26: 11000 | M26: =ROUND(K26*L26,0) -> 121000 | N26: MENSUAL
A27: 21 | B27: Cepillos | C27: - Tipo plancha, con mango de plástico - Cuerpo elaborado en plástico - Cerdas duras en fibra plástica - Tamaño mínimo de 15 cm de largo por 5cm de ancho por 6 cm de alto. | D27: Unidad | E27: 4 | F27: 1 | G27: 1 | H27: 1 | I27: 1 | J27: 1 | K27: =SUM(E27:J27) -> 9 | L27: 4000 | M27: =ROUND(K27*L27,0) -> 36000 | N27: MENSUAL
A28: 22 | B28: Mecha Trapero | C28: - Elaborado con hilaza de algodón natural - Mecha con peso mínimo de 350 gr y extensión mínima de 32 cm de largo - Material de base en plástico con acople tipo rosca | D28: Unidad | E28: 18 | F28: 2 | G28: 2 | H28: 1 | I28: 1 | J28: 4 | K28: =SUM(E28:J28) -> 28 | L28: 11000 | M28: =ROUND(K28*L28,0) -> 308000 | N28: MENSUAL
A29: 23 | B29: Mango metalico para trapero | C29: - Extensión mínima de 140 cm - Acople plástico o rosca para palos de escoba | D29: Unidad | E29: 5 | F29: 1 | G29: 1 | H29: 1 | I29: 1 | J29: 2 | K29: =SUM(E29:J29) -> 11 | L29: 11000 | M29: =ROUND(K29*L29,0) -> 121000 | N29: MENSUAL
A30: 24 | B30: Cepillo para sanitario (churrusco) | C30: - Cerdas duras elaboradas en fibras plásticas - Extensión mínima de las cerdas es de 2,5 cm - Base y mango elaborados en plástico - Mango con longitud mínima de 33 cm | D30: Unidad | E30: 2 | F30: 1 | G30: 1 | H30: 1 | I30: 1 | K30: =SUM(E30:J30) -> 6 | L30: 7500 | M30: =ROUND(K30*L30,0) -> 45000 | N30: MENSUAL
A31: 25 | B31: Pads | C31: - Para brillo - Diámetro mínimo de 16 pulgadas - Rojo o blanco | D31: Unidad | E31: 10 | F31: 1 | G31: 1 | H31: 1 | I31: 1 | J31: 3 | K31: =SUM(E31:J31) -> 17 | L31: 40000 | M31: =ROUND(K31*L31,0) -> 680000 | N31: MENSUAL
A32: 26 | B32: Bolsas plástica | C32: - Elaborada en polietileno de baja densidad - biodegradable - De color negro - Calibre de mínimo 1 - Tamaño de 40 cm de ancho por 55 cm de largo | D32: Paquete de mínimo 10 | E32: 50 | F32: 5 | G32: 5 | H32: 5 | I32: 3 | J32: 30 | K32: =SUM(E32:J32) -> 98 | L32: 2500 | M32: =ROUND(K32*L32,0) -> 245000 | N32: MENSUAL
A33: 27 | B33: Bolsas plástica | C33: - Elaborada en polietileno de baja densidad - biodegradable - De color blanco - Calibre de mínimo 1 - Tamaño de 40 cm de ancho por 55 cm de largo | D33: Paquete de mínimo 10 | E33: 50 | F33: 5 | G33: 5 | H33: 5 | I33: 3 | J33: 60 | K33: =SUM(E33:J33) -> 128 | L33: 3000 | M33: =ROUND(K33*L33,0) -> 384000 | N33: MENSUAL
A34: 28 | B34: Bolsas plástica | C34: - Elaborada en polietileno de baja densidad - biodegradable - De color rojo - Calibre de mínimo 1 - Tamaño de 40 cm de ancho por 55 cm de largo | D34: Paquete de mínimo 10 | E34: 50 | F34: 5 | G34: 5 | H34: 5 | I34: 3 | K34: =SUM(E34:J34) -> 68 | L34: 3000 | M34: =ROUND(K34*L34,0) -> 204000 | N34: MENSUAL
A35: 29 | B35: Bolsas plástica | C35: - Elaborada en polietileno de baja densidad - biodegradable - De color negro - Calibre de mínimo 2 - Tamaño de 70 cm de ancho por 90 cm de largo | D35: Paquete de mínimo 10 | E35: 60 | F35: 4 | G35: 4 | H35: 2 | I35: 3 | K35: =SUM(E35:J35) -> 73 | L35: 7000 | M35: =ROUND(K35*L35,0) -> 511000 | N35: MENSUAL
A36: 30 | B36: Bolsas plástica | C36: - Elaborada en polietileno de baja densidad - biodegradable - De color blanco - Calibre de mínimo 2 - Tamaño de 70 cm de ancho por 90 cm de largo | D36: Paquete de mínimo 10 | E36: 60 | F36: 4 | G36: 4 | H36: 2 | I36: 3 | K36: =SUM(E36:J36) -> 73 | L36: 8500 | M36: =ROUND(K36*L36,0) -> 620500 | N36: MENSUAL
A37: 31 | B37: Bolsas plástica | C37: - Elaborada en polietileno de baja densidad - biodegradable - De color negro - Calibre de mínimo 3 - Tamaño de 80 cm de ancho por 110 cm de largo | D37: Paquete de mínimo 10 | E37: 80 | F37: 4 | G37: 6 | H37: 4 | I37: 4 | K37: =SUM(E37:J37) -> 98 | L37: 11000 | M37: =ROUND(K37*L37,0) -> 1078000 | N37: MENSUAL
A38: 32 | B38: Bolsas plástica 11 | C38: - Elaborada en polietileno de baja densidad - De color rojo - Calibre de mínimo 2 - Tamaño de 60 cm de ancho por 70 cm de largo - Con impresión de aviso de riesgo biológico | D38: Paquete de mínimo 10 | J38: 5 | K38: =SUM(E38:J38) -> 5 | L38: 7500 | M38: =ROUND(K38*L38,0) -> 37500 | N38: MENSUAL
A39: 33 | B39: Guantes | C39: - Tipo doméstico - Elaborados en látex - Calibre mínimo de 25 - Tallas 7 a 9 - Color negro | D39: Par | E39: 18 | F39: 2 | G39: 2 | H39: 1 | I39: 1 | J39: 5 | K39: =SUM(E39:J39) -> 29 | L39: 7000 | M39: =ROUND(K39*L39,0) -> 203000 | N39: MENSUAL
A40: 34 | B40: Guantes 7 | C40: - Elaborados en carnaza - Tallas 7 a 9 | D40: Par | E40: 1 | G40: 1 | J40: 1 | K40: =SUM(E40:J40) -> 3 | L40: 16000 | M40: =ROUND(K40*L40,0) -> 48000 | N40: MENSUAL
A41: 35 | B41: Papel higiénico | C41: - Rollo con longitud mínima de 250 metros - Doble hoja blanca - Sin fragancia | D41: Rollo | E41: 160 | F41: 8 | G41: 8 | H41: 8 | I41: 8 | J41: 12 | K41: =SUM(E41:J41) -> 204 | L41: 22000 | M41: =ROUND(K41*L41,0) -> 4488000 | N41: MENSUAL
A42: 36 | B42: Toallas para manos | C42: - Rollo con longitud mínima de 100 metros - Hoja sencilla con un tamaño mínimo de15 cm de ancho - Hoja color natural | D42: Rollo | E42: 10 | F42: 1 | H42: 2 | J42: 25 | K42: =SUM(E42:J42) -> 38 | L42: 38000 | M42: =ROUND(K42*L42,0) -> 1444000 | N42: MENSUAL
A43: 37 | B43: Toallas para manos | C43: - Toallas interdobladas, paquete con mínimo 150 unidades - Doble hoja con un tamaño mínimo de 20 cm de largo por 15 cm de ancho - Hoja color natural | D43: Unidad | E43: 72 | F43: 5 | H43: 5 | I43: 5 | K43: =SUM(E43:J43) -> 87 | L43: 9000 | M43: =ROUND(K43*L43,0) -> 783000 | N43: MENSUAL
A44: 38 | B44: Repuestos Mopa | C44: - Mopa elaborada en algodón - Área de barrido mínima de 100 cm de largo por 16 cm de ancho | D44: Unidad | E44: 5 | F44: 1 | G44: 1 | H44: 1 | I44: 1 | J44: 2 | K44: =SUM(E44:J44) -> 11 | L44: 75000 | M44: =ROUND(K44*L44,0) -> 825000 | N44: MENSUAL
A45: 39 | B45: Destapador para sanitario (chupa) | C45: - Tipo campana - Chupa elaborada en caucho - Diámetro mínimo de 12 cm - Mango elaborado en plástico o madera - Mango con longitud mínima de 33 cm | D45: Unidad | E45: 2 | F45: 1 | G45: 1 | H45: 1 | I45: 1 | K45: =SUM(E45:J45) -> 6 | L45: 6500 | M45: =ROUND(K45*L45,0) -> 39000 | N45: MENSUAL
A46: 40 | B46: Recogedor de basura | C46: - Elaborado en plástico - Con banda de goma y dientas barrescobas - Mango con longitud mínima de 70 cm | D46: Unidad | E46: 4 | F46: 1 | G46: 1 | H46: 1 | I46: 1 | J46: 1 | K46: =SUM(E46:J46) -> 9 | L46: 7000 | M46: =ROUND(K46*L46,0) -> 63000 | N46: MENSUAL
A47: 41 | B47: Lijas agua | C47: En Pliegos (23x28 cm) , grano No 120, para uso en limpieza de escaleras | D47: UNIDAD | E47: 80 | F47: 6 | G47: 8 | H47: 3 | I47: 2 | K47: =SUM(E47:J47) -> 99 | L47: 2500 | M47: =ROUND(K47*L47,0) -> 247500 | N47: MENSUAL
A48: 42 | B48: Acido Oxalico | C48: El uso principal del ácido oxálico como agente limpiador de manchas, eliminación de óxido, Pulido de pisos de mármol. - El envase del producto deberá estar correctamente etiquetado, indicando: nombre comercial del producto, pictogramas de los compuestos peligrosos e instrucciones de uso - El envase del producto deberá estar correctamente etiquetado bajo los parámetros establecidos en el sistema globalmente armonizado | D48: Granulado, en bolsa plástica de mínimo 1.000 g | E48: 5 | F48: 1 | G48: 1 | H48: 1 | J48: 2 | K48: =SUM(E48:J48) -> 10 | L48: 22000 | M48: =ROUND(K48*L48,0) -> 220000 | N48: MENSUAL
A49: 43 | B49: Ambientador en pasta | C49: • en forma de disco • peso de 45 gm • en envoltura de celofán • en cajas individuales de cartón para colocar en ambientes • mínimo dos fragancias | D49: UNIDAD | E49: 90 | F49: 8 | G49: 8 | H49: 6 | I49: 6 | J49: 35 | K49: =SUM(E49:J49) -> 153 | L49: 8500 | M49: =ROUND(K49*L49,0) -> 1300500 | N49: MENSUAL
A50: 44 | B50: Paños en microfibra para limpiar vidrios | C50: Dimensiones: 40cm (Largo) x 40cm (Ancho) Colores: Verde, Rojo, Amarillo, Azul alta calidad para una mejor absorción y recolección Sus orillas con doble acabado para durabilidad y guardan su forma | D50: UNIDAD | E50: 36 | F50: 2 | G50: 2 | H50: 1 | I50: 1 | J50: 5 | K50: =SUM(E50:J50) -> 47 | L50: 6500 | M50: =ROUND(K50*L50,0) -> 305500 | N50: MENSUAL
A51: 45 | B51: Atomizador para reembasar insumos | C51: •Boquilla ajustable, pulveriza hasta 30 " •Pulverizador de 3 cc de gran volumen •Frasco de HDPE sólido que resiste caídas y golpes •Gatillo grande de 3 dedos para una fácil aplicación | D51: UNIDAD | E51: 18 | F51: 1 | G51: 1 | H51: 1 | I51: 1 | J51: 2 | K51: =SUM(E51:J51) -> 24 | L51: 4000 | M51: =ROUND(K51*L51,0) -> 96000 | N51: MENSUAL
A52: 46 | B52: Sabra | C52: En fibra abrasiva de limpieza general. Especificaciones 10 cm X 14 cm. | D52: UNIDAD | E52: 36 | F52: 4 | G52: 4 | H52: 2 | I52: 2 | J52: 2 | K52: =SUM(E52:J52) -> 50 | L52: 1500 | M52: =ROUND(K52*L52,0) -> 75000 | N52: MENSUAL
A53: 47 | B53: Baldes | C53: - Elaborado en plástico - Capacidad de mínima de 10 litros - Con manija móvil - Con "pico" antiderrames - Disponibles en color amarillo, azul, rojo y verde | D53: Unidad | E53: 3 | F53: 1 | G53: 1 | H53: 1 | I53: 1 | J53: 1 | K53: =SUM(E53:J53) -> 8 | L53: 9500 | M53: =ROUND(K53*L53,0) -> 76000 | N53: MENSUAL
A54: 48 | B54: Benziral | C54: desinfectante concentrado para superficies extensas (pisos, paredes y techos). Desinfectante dual a base de amonio cuaternario de 5ta Generación y otros agentes potenciadores. | D54: Unidad X 5 Litros | J54: 1 | K54: =SUM(E54:J54) -> 1 | L54: 400000 | M54: =ROUND(K54*L54,0) -> 400000 | N54: MENSUAL
A55: 49 | B55: Paños multiusos reutilizables WAYPALL de 88 paños | C55: Los paños X70 multiusos reutilizables para tareas de limpieza de maxima absorcion con precorte que contiene 88 paños (22 cm x 27.6 cm) cada uno, maxima absrocion de liquidos y aceites, peso neto por rollo 926 gr, poseen una excelente resistencia garantizando una alta reutilización y su uso en cualquier tipo de superficie que proporciona una mayor poder de limpieza en las tareas de limpieza. | D55: Unidad | J55: 4 | K55: =SUM(E55:J55) -> 4 | L55: 8000 | M55: =ROUND(K55*L55,0) -> 32000 | N55: MENSUAL
A56: 50 | B56: Batas manga larga qururgicas | C56: Bata desechable manga larga quirurgica talla surtida | D56: Unidad | J56: 60 | K56: =SUM(E56:J56) -> 60 | L56: 32000 | M56: =ROUND(K56*L56,0) -> 1920000 | N56: MENSUAL
A57: 51 | B57: Gorro quirugicos desechables | C57: Gorro quirugicos desechables blancos, tipo oruga, talla unica x 50 unidades | D57: Paquete x 50 und | J57: 2 | K57: =SUM(E57:J57) -> 2 | L57: 15000 | M57: =ROUND(K57*L57,0) -> 30000 | N57: MENSUAL
A58: 52 | B58: ambientador aerosol | C58: - Solución con alcohol etílico y solventes. - Con fragancia en una concentración del 1,5% - En múltiples fragancias - libre de CFC - Envase correctamente etiquetado bajo los parámetros establecidos indicando: nombre comercial del producto, pictogramas de los compuestos peligrosos e instrucciones de uso. | D58: Líquido, en aerosol seguro para la capa de ozono con capacidad mínima de 400 cc | E58: 30 | F58: 1 | G58: 1 | H58: 1 | I58: 1 | J58: 10 | K58: =SUM(E58:J58) -> 44 | L58: 16000 | M58: =ROUND(K58*L58,0) -> 704000 | N58: MENSUAL
A59: SUBTOTAL — SUMINISTRO INSUMOS DE ASEO (MENSUAL) | M59: =SUM(M7:M58) -> 27048500
A61: INSUMOS DE CAFETERÍA (MENSUAL)
A62: ITEM | B62: BIEN | C62: ESPECIFICACIÓN | D62: PRESENTACIÓN | E62: EDIF. CENTRAL | F62: BIBLIOTECA | G62: RECINTO FERIAL | H62: SEC. CULTURA | I62: BOGOTÁ | J62: SEC. SALUD | K62: CANTIDAD TOTAL | L62: VR. UNITARIO | M62: VR. TOTAL | N62: PERIODICIDAD
A63: 1 | B63: Vasos | C63: - Elaborado en cartón 97% biodegradable - Capacidad mínima de 4 oz" - Decorado | D63: Paquete de mínimo 50 unidades | E63: 400 | H63: 4 | I63: 4 | J63: 100 | K63: =SUM(E63:J63) -> 508 | L63: 8500 | M63: =ROUND(K63*L63,0) -> 4318000 | N63: MENSUAL
A64: 2 | B64: Vasos | C64: - Elaborado en cartón 97% biodegradable - Capacidad mínima de 9 oz" - Decorado | D64: Paquete de mínimo 50 unidades | E64: 100 | H64: 3 | I64: 4 | J64: 20 | K64: =SUM(E64:J64) -> 127 | L64: 11000 | M64: =ROUND(K64*L64,0) -> 1397000 | N64: MENSUAL
A65: 3 | B65: Mezclador | C65: - Mezcladores elaborados en madera y/o apartir de recursos renovables como la caña de azucar y/o almidón de maíz - Longitud mínima de 11 cm | D65: Paquete de mínimo 1000 | E65: 18 | H65: 1 | I65: 1 | J65: 1 | K65: =SUM(E65:J65) -> 21 | L65: 17000 | M65: =ROUND(K65*L65,0) -> 357000 | N65: MENSUAL
A66: 4 | B66: Filtro para greca | C66: - Elaborada en tela - Para greca - Capacidad de una 1 libra | D66: Unidad | E66: 12 | H66: 2 | I66: 2 | J66: 1 | K66: =SUM(E66:J66) -> 17 | L66: 12000 | M66: =ROUND(K66*L66,0) -> 204000 | N66: MENSUAL
A67: 5 | B67: Café especial o Gourmet | C67: - 100% café tostado y molido. - Tostión media. - Puntaje en taza mayor o igual a 80 puntos catación SCA. - Empacada en bolsa de polipropileno aluminizada resistente a la humedad y al oxígeno. - Debe cumplir con Resolución 333 de 2011 sobre rotulado y etiquetado nutricional y las normas que la modifiquen. | D67: Libra | E67: 200 | H67: 12 | I67: 15 | J67: 50 | K67: =SUM(E67:J67) -> 277 | L67: 45000 | M67: =ROUND(K67*L67,0) -> 12465000 | N67: MENSUAL
A68: 6 | B68: Azúcar | C68: - Blanca - Empaque elaborado en materiales atóxicos - Debe cumplir con Resolución 333 de 2011 sobre rotulado y etiquetado nutricional y las normas que la modifiquen | D68: Bolsa de mínimo 200 sobres o tubipacks de 5 gr | E68: 90 | H68: 2 | I68: 3 | K68: =SUM(E68:J68) -> 95 | L68: 12000 | M68: =ROUND(K68*L68,0) -> 1140000 | N68: MENSUAL
A69: 7 | B69: Panela | C69: - Panela instantánes pulverizada, deshidratada - Debe cumplir con la NTC 1311 sobreo productos agrícolas - Empaque elaborado en materiales atóxicos - Debe cumplir con la Resolucion 779 de 2006 - Debe cumplir con Resolución 333 de 2011 sobre rotulado y etiquetado nutricional y las normas que la modifiquen | D69: Bolsa de mínimo 100 sobres de mínimo 5 gr | E69: 100 | H69: 3 | I69: 3 | J69: 20 | K69: =SUM(E69:J69) -> 126 | L69: 18000 | M69: =ROUND(K69*L69,0) -> 2268000 | N69: MENSUAL
A70: 8 | B70: Aromática | C70: - Para infusión - Cajas disponbiles en mínimo tres (3) sabores - 100% naturales | D70: Cajas de mínimo 20 en sobres. | E70: 160 | H70: 4 | I70: 4 | J70: 20 | K70: =SUM(E70:J70) -> 188 | L70: 2600 | M70: =ROUND(K70*L70,0) -> 488800 | N70: MENSUAL
A71: 9 | B71: Aromatica | C71: para infucion caja de frutos rojos y verdes surtidas | D71: caja minimon de 20 en sobres | E71: 10 | J71: 60 | K71: =SUM(E71:J71) -> 70 | L71: 18000 | M71: =ROUND(K71*L71,0) -> 1260000 | N71: MENSUAL
A72: 10 | B72: Termo para café | C72: - Térmico, con bomba tipo dispensador. Portatil. - Bomba manual para dispensar la bebida. - Acero inoxidable y plastico. - Agarradera plastica, tapa con empaque, bomba manual. - Capacidad mínima de 3 litros | D72: Unidad | E72: 1 | K72: =SUM(E72:J72) -> 1 | L72: 160000 | M72: =ROUND(K72*L72,0) -> 160000 | N72: MENSUAL
A73: SUBTOTAL — INSUMOS DE CAFETERÍA (MENSUAL) | M73: =SUM(M63:M72) -> 24057800
A75: INSUMOS DE JARDINERÍA (MENSUAL)
A76: ITEM | B76: BIEN | C76: ESPECIFICACIÓN | D76: PRESENTACIÓN | E76: EDIF. CENTRAL | F76: BIBLIOTECA | G76: RECINTO FERIAL | H76: SEC. CULTURA | I76: BOGOTÁ | J76: SEC. SALUD | K76: CANTIDAD TOTAL | L76: VR. UNITARIO | M76: VR. TOTAL | N76: PERIODICIDAD
A77: 1 | B77: Tierra para abono del jardin | C77: • Tierra negra descontaminada y mejorada para jardines • Bulto por 25 Kilos | D77: BULTO | E77: 1 | G77: 1 | K77: =SUM(E77:J77) -> 2 | L77: 25000 | M77: =ROUND(K77*L77,0) -> 50000 | N77: MENSUAL
A78: 2 | B78: Abono para matas | C78: • Fertilizante que incluyen nitrógeno, potasio y fósforo para florescencia y crecimiento. • En presentación granulado de absorción lenta. • Presentación en kilos | D78: KILO | E78: 1 | G78: 1 | K78: =SUM(E78:J78) -> 2 | L78: 30000 | M78: =ROUND(K78*L78,0) -> 60000 | N78: MENSUAL
A79: 3 | B79: Veneno para hormigas | C79: • Veneno para hormigas, de acción prolongada • Presentación en polvo. | D79: KILO | E79: 1 | K79: =SUM(E79:J79) -> 1 | L79: 70000 | M79: =ROUND(K79*L79,0) -> 70000 | N79: MENSUAL
A80: 4 | B80: Veneno liquido para polilla | C80: • Veneno para palomillas • Presentación líquido, para fumigar con bomba de espalda | D80: LITRO | E80: 1 | K80: =SUM(E80:J80) -> 1 | L80: 110000 | M80: =ROUND(K80*L80,0) -> 110000 | N80: MENSUAL
A81: SUBTOTAL — INSUMOS DE JARDINERÍA (MENSUAL) | M81: =SUM(M77:M80) -> 290000
A83: SUMINISTRO DE UTENSILIOS Y EQUIPOS POR EL PLAZO DE EJECUCIÓN (UNICA VEZ)
A84: ITEM | B84: BIEN | C84: ESPECIFICACIÓN | D84: PRESENTACIÓN | E84: EDIF. CENTRAL | F84: BIBLIOTECA | G84: RECINTO FERIAL | H84: SEC. CULTURA | I84: BOGOTÁ | J84: SEC. SALUD | K84: CANTIDAD TOTAL | L84: VR. UNITARIO | M84: VR. TOTAL | N84: PERIODICIDAD
A85: 1 | B85: Dispensador para papel higiénico | C85: Elaborado en plástico ABS blanco - Para rollo de 250 metros y 400 metros - Con dispensador central - Con cerradura y llave - Incluye los elementos necesarios para realizar la instalación en pared -Incluye el costo de instalación. | D85: Unidad | E85: 14 | J85: 14 | K85: =SUM(E85:J85) -> 28 | L85: 90000 | M85: =ROUND(K85*L85,0) -> 2520000 | N85: UNICA VEZ
A86: 2 | B86: Dispensador de toallas de manos | C86: - Elaborado en plástico ABS - Para toallas de papel interfoliada en z - Con cerradura y llave - Incluye los elementos necesarios para realizar la instalación en pared | D86: Unidad | E86: 14 | J86: 6 | K86: =SUM(E86:J86) -> 20 | L86: 90000 | M86: =ROUND(K86*L86,0) -> 1800000 | N86: UNICA VEZ
A87: 3 | B87: Dispensador de jabón líquido | C87: Elaborado en plástico ABS blanco - Con válvula manual anticorrosiva. - Uso habilitado para cualquier jabón líquido con capacidad mínima de 800 cc - Incluye los elementos necesarios para realizar la instalación en pared | D87: Unidad | E87: 14 | J87: 14 | K87: =SUM(E87:J87) -> 28 | L87: 70000 | M87: =ROUND(K87*L87,0) -> 1960000 | N87: UNICA VEZ
A88: 4 | B88: Haraganes | C88: - Para limpiar vidrios - Con banda de goma con longitud mínima de 50 cm. - Mango metálico extensible con longitud mínima de 60 cm y máxima de 150 cm | D88: Unidad | E88: 10 | F88: 2 | G88: 2 | H88: 2 | I88: 2 | J88: 2 | K88: =SUM(E88:J88) -> 20 | L88: 70000 | M88: =ROUND(K88*L88,0) -> 1400000 | N88: UNICA VEZ
A89: 5 | B89: Haraganes | C89: - Para escurrir pisos -Con banda de goma con longitud mínima de 50 cm. | D89: Unidad | E89: 5 | F89: 1 | G89: 1 | H89: 1 | I89: 1 | J89: 1 | K89: =SUM(E89:J89) -> 10 | L89: 70000 | M89: =ROUND(K89*L89,0) -> 700000 | N89: UNICA VEZ
A90: 6 | B90: Alcohol etilico extra neutro al 96% | C90: Alcohol etilico extra neutro al 96%, con su respectiva ficha tecnica y certificado de analisis, no reempacado en su envase original y con etiqueta original de fabricante | D90: garrafa x 20 litros | J90: 1 | K90: =SUM(E90:J90) -> 1 | L90: 800000 | M90: =ROUND(K90*L90,0) -> 800000 | N90: UNICA VEZ
A91: 7 | B91: Jabon Extran neutro para limpieza de materiales de laboratorio | C91: Jabon liquido neutro concentrado denominado EXTRAN MA 02, en su frasco original, sin reenvasar, con su ficha tecnica y certificado de calidad | D91: Galon x 5 litros | J91: 7 | K91: =SUM(E91:J91) -> 7 | L91: 400000 | M91: =ROUND(K91*L91,0) -> 2800000 | N91: UNICA VEZ
A92: 8 | B92: jabon Extran Alcalino libre de fosfatos para la remocion de grasas y residuos de alimentos grasos | C92: Jabon liquido alcalino concentrado denominado EXTRAN MA 05, en su frasco original sin reenvasar, con su ficha tecnica y certificado de calidad. | D92: Galon x 5 litros | J92: 4 | K92: =SUM(E92:J92) -> 4 | L92: 450000 | M92: =ROUND(K92*L92,0) -> 1800000 | N92: UNICA VEZ
A93: 9 | B93: Cinta de enmascarar de alta adherencia | C93: CINTA DE PROPÓSITO GENERAL: Ideal para carpintería y enmascaramiento general de pintura Adhesivo de goma: ofrece una amplia adherencia y una fuerte adherencia Tolerancia a la temperatura: conserva la eliminación limpia en la mayoría de las superficies después de hornear durante 30 minutos hasta 200 °F (199.4 °F) CALIDAD EN LA QUE PUEDES CONTAR: Se adhiere rápidamente y se mantiene de forma fiable Respaldo de papel crepé: se ajusta sobre superficies irregulares, se contornea fácilmente alrededor de las esquinas | D93: Unidades | J93: 1 | K93: =SUM(E93:J93) -> 1 | L93: 30000 | M93: =ROUND(K93*L93,0) -> 30000 | N93: UNICA VEZ
A94: 10 | B94: Cinta adhesiva para control de esterilizacion autoclave | C94: FUERTE Y SENSIBLE A LA PRESION Y ESTA DISENADO PARA ADHERIRSE A UNA GRAN VARIEDAD DE ENVOLTURAS INCLUYENDO TELAS TEJIDAS Y NO TEJIDAS, TRATAS PAPEL Y PAPEL PLASTICO. ESTA IMPRESA CON LINEAS EN DIAGONAL QUEBRADAS EN UN INDICADOR BLANCO. Fecha de vencimiento de 24 meses desde al entrega del producto. | D94: Unidades | J94: 2 | K94: =SUM(E94:J94) -> 2 | L94: 120000 | M94: =ROUND(K94*L94,0) -> 240000 | N94: UNICA VEZ
A95: 11 | B95: Resma papel crepado para esterilizar en autoclave | C95: Hojas de papel crepado para envoltura, contiene pulpa virgen de celulosa blanqueada y adherente acrílico, que garantice la integridad del producto, tanto para su traslado como su almacenamiento. Destinadas para envoltura de materiales a la esterilización que no pueden envasarse en envase unitario.porosidad controlada, resistencia mecánica, repelencia al agua y suavidad de manejo. Fecha de vencimiento de 24 meses desde la entrega | D95: Unidades | J95: 1 | K95: =SUM(E95:J95) -> 1 | L95: 320000 | M95: =ROUND(K95*L95,0) -> 320000 | N95: UNICA VEZ
A96: 12 | B96: Soporte de secado de material de vidrio de laboratorio | C96: Gradilla autónoma que admita hasta 90 piezas de material de laboratorio en clavijas de 18 x 127 mm y 72 x 76 mm, Fabricado con alambre de acero soldado por puntos y recubierto de HDPE para mayor durabilidad, con bandeja y parte posterior de poliestireno con bandeja de drenaje inferior fácilmente accesible y extraíble Dimensiones 18,2 x 7,4 x 20,7 in (46,2 x 18,2 x 52,5 cm) | D96: Unidades | J96: 2 | K96: =SUM(E96:J96) -> 2 | L96: 800000 | M96: =ROUND(K96*L96,0) -> 1600000 | N96: UNICA VEZ
A97: 13 | B97: Guantes de nitrilo de calibre grueso ajustables y resistentes para productos quimicos para reutilizar | C97: Guantes de nitrilo de calibre grueso, ajustable a la mano y hasta el antebrazo lavable y reutilizables talla (a convenir) | D97: Pares | J97: 6 | K97: =SUM(E97:J97) -> 6 | L97: 55000 | M97: =ROUND(K97*L97,0) -> 330000 | N97: UNICA VEZ
A98: 14 | B98: Estantes de secado de artículos de vidrio para instrumentos de laboratorio SP | C98: Estante de sobre mesa autonomo, para instrumental, de tres niveles | D98: Unidades | J98: 2 | K98: =SUM(E98:J98) -> 2 | L98: 4200000 | M98: =ROUND(K98*L98,0) -> 8400000 | N98: UNICA VEZ
A99: 15 | B99: Delantal o peto en PVC calibre 16 impermeable | C99: Delantal o peto en PVC calibre 16 impermeable, de 70 cm * 100 cm color blanco | D99: Unidades | J99: 1 | K99: =SUM(E99:J99) -> 1 | L99: 60000 | M99: =ROUND(K99*L99,0) -> 60000 | N99: UNICA VEZ
A100: 16 | B100: Delantal o peto en carnaza para altas temperaturas | C100: Delantal o peto en carnaza de 70 cm * 100 cm, para hornos y trabajos a altas temperaturas | D100: Unidades | J100: 1 | K100: =SUM(E100:J100) -> 1 | L100: 55000 | M100: =ROUND(K100*L100,0) -> 55000 | N100: UNICA VEZ
A101: 17 | B101: Baldes plásticos altos para lavar material | C101: Dimensiones: 32 / 35,5 / 32 cm Alto/Ancho/Largo, con manija plastica metálica, aforado por litros, cada 500 ml. | D101: Unidades | J101: 2 | K101: =SUM(E101:J101) -> 2 | L101: 35000 | M101: =ROUND(K101*L101,0) -> 70000 | N101: UNICA VEZ
A102: 18 | B102: Juego de Herramientas Mt-028b 113 Piezas Negro Mertec | C102: incluye: - Desatornilladores, alicates, cintas, llaves - Acero inoxidable y plastico - El set de herramientas Mertec MT-028B de 113 piezas en color negro es ideal para cualquier proyecto de bricolaje o reparación en el hogar. Este completo kit incluye una variedad de herramientas esenciales, como destornilladores, llaves, alicates, martillo, cinta métrica, y más, todas organizadas en un estuche resistente y portátil. Fabricadas con materiales de alta calidad, estas herramientas ofrecen durabilidad y resistencia al óxido, garantizando un rendimiento confiable y de larga duración. Perfecto para aficionados y profesionales, este set proporciona todo lo necesario para abordar cualquier tarea con facilidad y eficiencia. | D102: Caja | J102: 1 | K102: =SUM(E102:J102) -> 1 | L102: 300000 | M102: =ROUND(K102*L102,0) -> 300000 | N102: UNICA VEZ
A103: SUBTOTAL — SUMINISTRO DE UTENSILIOS Y EQUIPOS POR EL PLAZO DE EJECUCIÓN (UNICA VEZ) | M103: =SUM(M85:M102) -> 25185000
A105: ALQUILER DE EQUIPOS (MENSUAL)
...
